 Dungeon Crawl Stone Soup version 0.30-a0-1018-g25214051b3 (webtiles) character file.

Game seed: 16799141087341513455

2852 NinjaNoafa the Thaumaturge (level 10, 0/75 HPs)
             Began as a Djinni Fire Elementalist on Apr 7, 2023.
             Was an Initiate of Ashenzari.
             Shot with a sling bullet by Joseph (19 damage)
             ... on level 7 of the Dungeon.
             The game lasted 00:23:50 (6097 turns).

NinjaNoafa the Thaumaturge (DjFE)                   Turns: 6097, Time: 00:23:50

Health: 0/75       AC:  5    Str:  7    XL:     10   Next: 4%
Gold:   493        EV: 27    Int: 24    God:    Ashenzari [......] SH:  5 Dex: 14

rFire   + + .      SeeInvis .    D - +6 hand axe of the Seven Teeth {flame, Int+3}
rCold   x . .      Faith    .    G - +0 buckler
rNeg    . . .      Spirit   .    I - +2 robe {Will+}
rPois   ∞          Reflect  .    (no helmet)
rElec   .          Rampage  .    k - +0 cloak "Eternal Vexation" {Range, Fort} (curse)
rCorr   .                        (no gloves)
Will    ++...                    (boots unavailable)
Stlth   ++                       J - amulet of the acrobat
HPRegen 0.32/turn                H - ring of wizardry
MPRegen 0.00/turn                (no ring)

@: acrobatic, flying
A: sickness immunity, fire resistance 2, cold vulnerability 1, float, innate
caster, HP casting, extra vitality 1
a: Renounce Religion, Shatter the Chains


You were on level 7 of the Dungeon.
You worshipped Ashenzari.
Ashenzari was noncommittal.
You visited 2 branches of the dungeon, and saw 8 of its levels.
You also visited: Sewer and Ossuary.

You collected 563 gold pieces.
You spent 70 gold pieces at shops.

Inventory:

Hand Weapons
 D - the +6 hand axe of the Seven Teeth (weapon) {flame, Int+3}
   (You found it on level 4 of the Dungeon)

   Int:       It affects your intelligence (+3).
Missiles
 m - 19 poisoned darts
 u - 6 datura-tipped darts
 E - 3 silver boomerangs
Armour
 k - the cursed +0 cloak "Eternal Vexation" (worn) {Range, Fort}
   (You took it off Crazy Yiuf on level 5 of the Dungeon)

   It has a curse which improves the following skills: Ranged Combat: Ranged
   Weapons and Throwing.
   Fortitude: Armour and Shields.
 G - a +0 buckler (worn)
 I - a +2 robe of willpower (worn)
Jewellery
 H - a ring of wizardry (left hand)
 J - an amulet of the acrobat (around neck)
Wands
 a - a wand of mindburst (10)
 j - a wand of paralysis (12)
 F - a wand of polymorph (7)
Scrolls
 e - 6 scrolls of teleportation
 f - 6 scrolls of identify {unknown}
 g - 3 scrolls of butterflies {unknown}
 o - 4 scrolls of brand weapon {unknown}
 t - 2 scrolls of noise {unknown}
 w - 3 scrolls of fear {unknown}
 x - 3 scrolls of amnesia {unknown}
 y - a scroll of torment {unknown}
 z - a scroll of enchant weapon {unknown}
 B - 3 scrolls of blinking {unknown}
Potions
 b - 4 potions of mutation {unknown}
 c - 2 potions of flight {unknown}
 d - 2 potions of haste {unknown}
 h - 2 potions of resistance {unknown}
 i - a potion of magic {unknown}
 l - 5 potions of attraction {unknown}
 n - a potion of invisibility {unknown}
 p - 2 potions of might {unknown}
 q - 3 potions of heal wounds
 r - 6 potions of curing {unknown}
 s - a potion of lignification {unknown}
 v - 2 potions of brilliance {unknown}
 A - a potion of ambrosia {unknown}
 C - a potion of degeneration {unknown}


   Skills:
 + Level 7.0 Fighting
 - Level 2.1 Dodging
 - Level 1.5 Stealth
 - Level 4.2(4.6) Shields
 * Level 8.2 Spellcasting


You knew the following spells:

 Your Spells              Type           Power      Damage    Failure   Level
a - Foxfire               Conj/Fire      100%       2x1d9     1%          1
b - Scorch                Fire           98%        2d9       1%          2
c - Volatile Blastmotes   Fire/Tloc      98%        2d18      1%          3
d - Inner Flame           Hex/Fire       49%        N/A       1%          3
e - Passwall              Tmut/Erth      40%        N/A       1%          2
f - Necrotise             Necr           100%       1d9       1%          1
g - Vhi's Electric Charg  Tloc/Air       98%        N/A       1%          3
h - Frozen Ramparts       Ice            98%        1d15      1%          3
i - Flame Wave            Conj/Fire      49%        2d12      1%          4
Your spell library was empty.

Dungeon Overview and Level Annotations

Branches:
Dungeon (7/15)             Temple (1/1) D:5           Sewer (visited)
Ossuary (visited)

Altars:
Ashenzari
Cheibriados
Dithmenos
Elyvilon
Fedhas
Gozag
Hepliaklqana
Makhleb
Nemelex Xobeh
Okawaru
Qazlal
Ru
Trog
Uskayaw
Wu Jian
Xom
Yredelemnul
Zin
The Shining One

Shops:
D:3 !

Annotations:
D:7 Joseph


Innate Abilities, Weirdness & Mutations

You are immune to sickness and miasma.
You are immune to poison.
Your flesh is very heat resistant. (rF++)
You are vulnerable to cold. (rC-)
You float through the air rather than walking.
You learn spells naturally, not from books.
Your magical power is your life essence.
You have superior vitality. (+4 MHP)


Message History

Confirm with . or Enter, or press ? or * to list all spells.
A cloud of volatile blastmotes flares up around you!
Joseph shoots a sling bullet.
The sling bullet hits you!! The sling bullet freezes you!
Unknown command.
Unknown command.
Press: ? - help, v - describe, . - travel
Here: Joseph, wielding a +0 sling of freezing, wearing a +0 leather armour and wearing a ring of protection from cold (inner flame)
The floor.
Unknown command.
Unknown command.
Unknown command.
Unknown command.
Unknown command.
Casting: Volatile Blastmotes (safe; 1% risk of failure)
Confirm with . or Enter, or press ? or * to list all spells.
You conjure some foxfire!
Joseph says, "I'm happy to see you. And I'll be happy to kill you."
Joseph shoots a sling bullet.
The sling bullet closely misses you.
The foxfire hits Joseph.
Flame seeps out of Joseph.
Joseph is lightly wounded.
Your foxfire dissipates!
Casting: Foxfire (safe; 1% risk of failure)
Confirm with . or Enter, or press ? or * to list all spells.
You conjure some foxfire!
Joseph shoots a sling bullet.
The sling bullet hits you!
* * * LOW HITPOINT WARNING * * *
The sling bullet freezes you!
* * * LOW HITPOINT WARNING * * *
The foxfire hits Joseph.
Flame seeps out of Joseph.
Joseph is moderately wounded.
Unknown command.
Unknown command.
Unknown command.
Unknown command.
The foxfire hits Joseph but does no damage.
Joseph is moderately wounded.
Joseph is engulfed in blazing flames.
Flame seeps out of Joseph.
Joseph shoots a sling bullet.
The sling bullet hits you!!
You die...

#.#.######........# #≈≈≈≈≈≈≈
#.#.# ########## #......
#.#.# #......
#.#.########### #......
#.#.#.........# #......
#.#.#.#######.########......
#.#.........§...............
#.###.#####..§..............
#.# #...~..@..§§............
#.# ##.~~~#.§§.§............
#.####.~~.#...§§.@!........5
#....†.~~...................
######...#...............)..
#####..................
#..................
....................
.#..................


You could see Joseph (inner flame).

Vanquished Creatures
  A two-headed ogre (D:7)
  Sigmund (D:6)
  Menkaure (D:5)
  2 ice beasts (D:6)
  A sky beast (D:7)
  A black bear (D:5)
  4 ogres
  2 kobold brigands
  A phantom (D:6)
  2 bullfrogs (D:7)
  2 scorpions (D:5)
  A howler monkey (D:6)
  2 electric eels (D:7)
  2 hounds (D:7)
  A jelly (D:5)
  Crazy Yiuf (D:5)
  2 sleepcaps (D:6)
  An iguana (D:6)
  Ijyb (D:5)
  Terence (D:2)
  Natasha (twice) (D:2)
  8 mummies (Ossuary)
  8 gnolls
  6 adders
  3 river rats (Sewer)
  A shadow imp (D:7)
  3 white imps
  4 ufetubi
  5 worms
  6 orcs
  6 bats
  8 endoplasms
  3 giant cockroaches
  A gnoll zombie (Ossuary)
  6 goblins
  8 hobgoblins
  7 jackals
  3 quokkas
  5 ball pythons
  5 frilled lizards
  2 hobgoblin zombies (Ossuary)
  7 kobolds
  2 kobold zombies (Ossuary)
  3 orc zombies (Ossuary)
  10 rats
152 creatures vanquished.

Vanquished Creatures (collateral kills)
  A frilled lizard (D:1)
  4 foxfires (Sewer)
5 creatures vanquished.

Vanquished Creatures (others)
  2 demonic plants (D:7)
  178 foxfires
  12 plants (Sewer)
192 creatures vanquished.

Grand Total: 349 creatures vanquished

Notes
Turn   | Place    | Note
-------+----------+-------------------------------------------
     0 | D:1      | NinjaNoafa the Djinni Fire Elementalist began the quest for
                  | the Orb.
     0 | D:1      | NinjaNoafa set off with the following spells memorised:
                  | Foxfire, Scorch, Volatile Blastmotes, Inner Flame, Flame
                  | Wave.
     0 | D:1      | Reached XP level 1. HP: 15/15 MP: 0/0
   204 | D:1      | Reached XP level 2. HP: 19/22 MP: 0/0
   284 | D:1      | Reached skill level 1 in Fighting
   327 | D:1      | Reached XP level 3. HP: 18/27 MP: 0/0
   327 | D:1      | Learned a level 1 spell: Necrotise
   387 | D:1      | Reached skill level 3 in Spellcasting
   621 | D:1      | You are sucked into a shaft and drop 1 floor!
   831 | D:2      | Noticed Terence
   843 | D:2      | Killed Terence
   844 | D:2      | Reached XP level 4. HP: 7/33 MP: 0/0
  1133 | D:2      | Reached XP level 5. HP: 25/38 MP: 0/0
  1133 | D:2      | Learned a level 2 spell: Passwall
  1380 | D:2      | Noticed Natasha
  1387 | D:2      | Killed Natasha
  1483 | D:2      | Noticed Natasha
  1486 | D:2      | Killed Natasha
  1487 | D:2      | Reached skill level 4 in Spellcasting
  1606 | D:3      | Found a glowing drain.
  1615 | Sewer    | Entered a sewer
  1632 | Sewer    | Noticed a kobold brigand
  1638 | Sewer    | Killed a kobold brigand
  1639 | Sewer    | Reached XP level 6. HP: 37/46 MP: 0/0
  2046 | D:3      | Found Ureps's Distillery.
  2070 | D:3      | Bought a potion of heal wounds for 70 gold pieces
  2081 | D:2      | Upgraded the game from 0.30-a0-1016-gfb0d676c02 to
                  | 0.30-a0-1018-g25214051b3
  2611 | D:4      | Noticed an ogre
  2620 | D:4      | Killed an ogre
  2621 | D:4      | Reached skill level 5 in Spellcasting
  2621 | D:4      | Reached XP level 7. HP: 16/51 MP: 0/0
  2621 | D:4      | Learned a level 3 spell: Frozen Ramparts
  2699 | D:4      | Found a white marble altar of Elyvilon.
  2890 | D:4      | Found a sand-covered staircase.
  2899 | Ossuary  | Entered an ossuary
  3692 | D:4      | Identified the +6 hand axe of the Seven Teeth {flame,
                  | Int+3}
  3865 | D:5      | Entered Level 5 of the Dungeon
  3921 | D:5      | Reached XP level 8. HP: 30/58 MP: 0/0
  3960 | D:5      | HP: 1/58 [gnoll/+0 spear (6)]
  4064 | D:5      | Reached skill level 6 in Spellcasting
  4261 | D:5      | Noticed Ijyb
  4272 | D:5      | Killed Ijyb
  4273 | D:5      | Reached skill level 5 in Fighting
  4444 | D:5      | Found a staircase to the Ecumenical Temple.
  4477 | Temple   | Entered the Ecumenical Temple
  4573 | Temple   | Became a worshipper of Ashenzari the Shackled
  4615 | D:5      | Noticed Menkaure
  4622 | D:5      | Killed Menkaure
  4665 | D:5      | Found a runed translucent door.
  4666 | D:5      | Noticed Crazy Yiuf
  4750 | D:5      | Killed Crazy Yiuf
  4849 | D:6      | Reached skill level 1 in Shields
  5020 | D:6      | Reached XP level 9. HP: 49/66 MP: 0/0
  5020 | D:6      | Learned a level 3 spell: Vhi's Electric Charge
  5038 | D:6      | Reached skill level 7 in Spellcasting
  5127 | D:6      | Noticed Sigmund
  5130 | D:6      | Killed Sigmund
  5260 | D:6      | Found an iron altar of Okawaru.
  5422 | D:6      | Found a stormy altar of Qazlal.
  5710 | D:7      | Found a sparkling altar of Nemelex Xobeh.
  5757 | D:7      | Noticed a two-headed ogre
  5772 | D:7      | Killed a two-headed ogre
  5773 | D:7      | Reached skill level 8 in Spellcasting
  5773 | D:7      | Reached XP level 10. HP: 20/73 MP: 0/0
  6087 | D:7      | Noticed Joseph
  6097 | D:7      | Shot with a sling bullet by Joseph

Illustrated notes

Levels and vault maps discovered:
D:1:      nicolae_arrival_memento_mori, layout_loops_ring
D:2:      layout_loops_ring, uniq_natasha, uniq_terence
D:3:      layout_basic, serial_shops, nicolae_diamond_shop, portal_sewer_entry_d
D:4:      layout_cave_pods, mainiacjoe_overflow_surrounded_room,
          lightli_ossuary_entry_decrepit_ruins, roderic_roman_lattice,
          minmay_misc_feat_enclosed
D:5:      layout_rooms, nicolae_overflow_crystal_walls,
          minmay_temple_entry_metal_lava, uniq_ijyb, uniq_menkaure,
          uniq_crazy_yiuf_cottage
D:6:      layout_basic, nicolae_qazlal_general_emergency,
          okawaru_ov_weapons_minmay, uniq_sigmund
D:7:      layout_basic, mainiacjoe_overflow_large_starburst, serial_demonic,
          serial_demonic_b, serial_demonic_b, serial_demonic_g,
          serial_demonic_e, serial_bayou_pond_d, water_maze_lemuel, uniq_joseph
Temple:   kb_temple_of_zot

Skill      XL: |  1  2  3  4  5  6  7  8  9 10 |
---------------+-------------------------------+-----
Fighting       | 1 2 3 4 5 6 7 |  7.0
Spellcasting   | 3 4 5 6 8 |  8.2
Shields        | 1 4 |  4.2
Dodging        | |  2.1
Stealth        | |  1.5

Action                     |  1- 3 |  4- 6 |  7- 9 | 10-12 || total
---------------------------+-------+-------+-------+-------++-------
  Melee: Unarmed           |     3 |       |       |       ||     3
         Dagger            |     1 |     2 |     2 |       ||     5
         Hand axe          |       |       |     4 |       ||     4
   Cast: Foxfire           |    21 |    68 |    28 |     4 ||   121
         Scorch            |    14 |    23 |    19 |     1 ||    57
         Necrotise         |     5 |     2 |       |       ||     7
         Volatile Blastmot |     2 |     2 |    21 |     2 ||    27
         Inner Flame       |       |     4 |    15 |     1 ||    20
         Passwall          |       |     1 |       |       ||     1
         Flame Wave        |       |     5 |    10 |       ||    15
         Frozen Ramparts   |       |       |     4 |       ||     4
         Vhi's Electric Ch |       |       |     4 |       ||     4
 Invoke: Curse Item        |       |       |     1 |       ||     1
  Evoke: Wand              |       |       |       |     1 ||     1
    Use: Scroll            |       |       |     1 |       ||     1
         Potion            |       |       |     1 |       ||     1
 Armour: Robe              |     3 |     1 |     4 |       ||     8
  Dodge: Dodged            |    15 |    12 |    24 |     2 ||    53
  Block: Buckler           |       |       |     3 |     1 ||     4

Table legend: (Time is in decaauts)
 A = Elapsed time spent in this place.
 B = Non-inter-level travel time spent in this place.
 C = Inter-level travel time spent in this place.
 D = Time resting spent in this place.
 E = Time spent auto-exploring this place.
 F = Levels seen in this place.
 G = Mean time per level.
                   A        B        C        D        E       F      G
               +--------+--------+--------+--------+--------+-----+--------+
         Total |   6099 |   5600 |    499 |    623 |   3450 |  10 |  609.9 |
       Dungeon |   5379 |   4912 |    467 |    623 |   3013 |   7 |  768.4 |
        Temple |    116 |     84 |     32 |      0 |     10 |   1 |  116.0 |
         Sewer |    413 |    413 |      0 |      0 |    315 |   1 |  413.0 |
       Ossuary |    189 |    189 |      0 |      0 |    112 |   1 |  189.0 |
               +--------+--------+--------+--------+--------+-----+--------+

Top non-repeatable levels by time:
     D:4: 1180 daAuts
     D:6: 947 daAuts
     D:2: 858 daAuts
     D:1: 841 daAuts
     D:5: 720 daAuts
     D:3: 591 daAuts
   Sewer: 413 daAuts
     D:7: 239 daAuts
 Ossuary: 189 daAuts
  Temple: 116 daAuts
